 Dungeon Crawl Stone Soup version 0.30-a0-723-gc1506a1cf0 (webtiles) character file.

Game seed: 17791188667307739425

3275 brightshaft the Fighter (level 10, -5/87 HPs)
             Began as a Djinni Fire Elementalist on Jan 28, 2023.
             Was an Elder of Ashenzari.
             Slain by a wyvern (19 damage)
             ... on level 9 of the Dungeon on Jan 29, 2023.
             The game lasted 00:22:36 (7241 turns).

brightshaft the Fighter (Djinni Fire Elementalist)  Turns: 7241, Time: 00:22:36

Health: -5/87      AC:  0    Str:  7    XL:     10   Next: 20%
Gold:   385        EV: 14    Int: 20    God:    Ashenzari [****..] SH:  3 Dex: 15

rFire   + + .      SeeInvis +    a - +3 dagger of the Shackled Augur {venom, Evo, Self} (curse)
rCold   x . .      Faith    .    y - +0 buckler of the Enigmatic Regret {Self, Melee} (curse)
rNeg    . . .      Spirit   .    e - +0 leather armour "Shackled With Me" {Melee, Fort} (curse)
rPois   ∞          Reflect  .    h - +2 hat of Star-Bound Wisdom {Self, Evo} (curse)
rElec   .          Harm     .    B - +1 cloak of the Cursed Ether {Self, Cun} (curse)
rCorr   .          Rampage  .    (no gloves)
Will    +....      Clarity  +    (boots unavailable)
Stlth   ++                       o - amulet of Ashenzari's Seer {Regen+, Melee, Cun} (curse)
HPRegen 1.14/turn                (no ring)
MPRegen 0.00/turn                (no ring)

@: corroded, flying, studying Polearms
A: sickness immunity, fire resistance 2, cold vulnerability 1, float, innate
caster, HP casting, extra vitality 1
a: Renounce Religion, Shatter the Chains


You were on level 9 of the Dungeon.
You worshipped Ashenzari.
Ashenzari was greatly pleased with you.
You visited 2 branches of the dungeon, and saw 10 of its levels.
You also visited: Ossuary.

You collected 385 gold pieces.

Inventory:

Hand Weapons
 a - the cursed +3 dagger of the Shackled Augur (weapon) {venom, Evo, Self}
   (You took it off an orc wizard on level 4 of the Dungeon)

   It has a curse which improves the following skills: Evocations: Evocations.
   Introspection: Fighting and Spellcasting.
 s - a +0 scimitar
 t - a +0 whip of electrocution
Missiles
 c - 2 throwing nets
Armour
 e - the cursed +0 leather armour "Shackled With Me" (worn) {Melee, Fort}
   (You found it on level 1 of the Dungeon)

   It has a curse which improves the following skills: Melee Combat: Short
   Blades, Long Blades, Axes, Maces & Flails, Polearms, Staves and Unarmed
   Combat.
   Fortitude: Armour and Shields.
 h - the cursed +2 hat of Star-Bound Wisdom (worn) {Self, Evo}
   (You found it on level 6 of the Dungeon)

   It has a curse which improves the following skills: Introspection: Fighting
   and Spellcasting.
   Evocations: Evocations.
 u - a +0 robe
 y - the cursed +0 buckler of the Enigmatic Regret (worn) {Self, Melee}
   (You took it off a gnoll sergeant on level 7 of the Dungeon)

   It has a curse which improves the following skills: Introspection: Fighting
   and Spellcasting.
   Melee Combat: Short Blades, Long Blades, Axes, Maces & Flails, Polearms,
   Staves and Unarmed Combat.
 B - the cursed +1 cloak of the Cursed Ether (worn) {Self, Cun}
   (You found it on level 6 of the Dungeon)

   It has a curse which improves the following skills: Introspection: Fighting
   and Spellcasting.
   Cunning:   Dodging and Stealth.
Jewellery
 j - a ring of protection from cold
 o - the cursed amulet of Ashenzari's Seer (around neck) {Regen+, Melee, Cun}
   (You found it on level 3 of the Dungeon)

   [amulet of regeneration]

   Regen:     It increases your rate of health regeneration.
   It has a curse which improves the following skills: Melee Combat: Short
   Blades, Long Blades, Axes, Maces & Flails, Polearms, Staves and Unarmed
   Combat.
   Cunning:   Dodging and Stealth.
Wands
 i - a wand of flame (32) {@v2}
 k - a wand of iceblast (3)
 n - a wand of charming (20)
 v - a wand of acid (3)
Scrolls
 f - 6 scrolls of poison
 g - a scroll of vulnerability
 l - 2 scrolls of enchant weapon
 q - a scroll of brand weapon
 w - 3 scrolls of fog
 z - 2 scrolls of teleportation {@r4}
Potions
 b - 2 potions of magic
 d - a potion of might
 m - 3 potions of flight
 p - 5 potions of haste {@q3}
 r - 2 potions of curing {@q1}
 x - a potion of heal wounds {@q2}


   Skills:
 * Level 9.2(13.9) Fighting
 + Level 1.8(4.5) Short Blades
 + Level 4.4(7.2) Dodging
 - Level 1.5(3.5) Stealth
 + Level 0.0(0.2) Shields
 * Level 7.5(12.2) Spellcasting


You had 11 spell levels left.
You knew the following spells:

 Your Spells              Type           Power      Damage    Failure   Level
a - Foxfire               Conj/Fire      100%       2x1d9     1%          1
b - Scorch                Fire           100%       2d10      1%          2
c - Kindle Blastsparks    Fire/Tloc/Air  100%       2d18      1%          3
d - Inner Flame           Hex/Fire       57%        N/A       1%          3
e - Flame Wave            Conj/Fire      57%        2d14      1%          4
f - Shock                 Conj/Air       100%       1d9       1%          1
g - Lesser Beckoning      Tloc           100%       N/A       1%          2
h - Momentum Strike       Conj/Tloc      100%       3d10      1%          2
i - Animate Dead          Necr           57%        N/A       1%          4
Your spell library was empty.

Dungeon Overview and Level Annotations

Branches:
Dungeon (9/15)             Temple (1/1) D:5         Ossuary (visited)
   Lair: D:8-11         Orc: D:9-12

Altars:
Ashenzari
Cheibriados
Dithmenos
Elyvilon
Fedhas
Gozag
Hepliaklqana
Makhleb
Nemelex Xobeh
Okawaru
Qazlal
Ru
Trog
Uskayaw
Wu Jian
Xom
Yredelemnul
Zin
The Shining One

Shops:
D:2 (


Innate Abilities, Weirdness & Mutations

You are immune to sickness and miasma.
You are immune to poison.
Your flesh is very heat resistant. (rF++)
You are vulnerable to cold. (rC-)
You float through the air rather than walking.
You learn spells naturally, not from books.
Your magical power is your life essence.
You have superior vitality. (+4 MHP)


Message History

You are too injured to fight recklessly!
You are too injured to fight recklessly!
You are too injured to fight recklessly!
You are too injured to fight recklessly!
The acid dragon bites you. You block the acid dragon's attack.
You hit the acid dragon but do no damage.
You hit the acid dragon but do no damage.
The acid dragon is poisoned.
A wyvern comes into view.
The acid dragon closely misses you. The acid dragon claws you.
The acid dragon bites you. The acid dragon closely misses you.
The wyvern hisses angrily.
You hit the acid dragon but do no damage.
The acid dragon looks even sicker.
The acid dragon is lightly wounded.
The acid dragon barely misses you. x2; The acid dragon bites you.
The acid dragon claws you.
You barely miss the acid dragon.
The acid dragon is lightly wounded.
The acid dragon bites you!
* * * LOW HITPOINT WARNING * * *
The acid dragon closely misses you. x2; The acid dragon claws you.
* * * LOW HITPOINT WARNING * * *
You hit the acid dragon but do no damage.
The acid dragon looks as sick as possible!
The acid dragon is lightly wounded.
The wyvern barely misses you. The acid dragon barely misses you. x2
The acid dragon closely misses you. The acid dragon claws you.
* * * LOW HITPOINT WARNING * * *
You block the wyvern's attack.
You feel better. The wyvern closely misses you.
You block the acid dragon's attack. The acid dragon misses you.
The acid dragon bites you!
* * * LOW HITPOINT WARNING * * *
The acid dragon closely misses you.
The acid dragon attacks as you move away!
The acid dragon misses you. The acid dragon claws you.
* * * LOW HITPOINT WARNING * * *
The wyvern attacks as you move away! The wyvern bites you!!
You die...

, *,,* * ,,, ,, , ,
, ..,** ,* , , ,,, *
* , ,. ## *, ,,,,, *
**** . #.#. ,* * * *
, ..#...#,* * * *
*,* .....#. * ,* *
*#..#...##### ##* *
*,......Dl...# , ...
* * , #.....D@...# *
.... , , *
#..........######...
* * ***
#...........>....# *
*############.....#
,* , ,,
,*##########....#,
,* ** ****
.......<......# ,
*##########....#,
#....#** #....#


You could see a wyvern and 2 acid dragons.

Vanquished Creatures
  A two-headed ogre (D:8)
  A wyvern (D:8)
  A water moccasin (D:6)
  2 orc warriors (D:7)
  An ice beast (D:7)
  3 ogres
  A centaur (D:8)
  An elf zombie (Ossuary)
  A bullfrog (D:7)
  A gnoll sergeant (D:7)
  2 necrophages
  A scorpion (D:5)
  6 wights (D:7)
  3 killer bees (D:7)
  A jelly (D:5)
  A gnoll bouda (D:4)
  A human zombie (Ossuary)
  6 orc priests
  2 hounds
  Jessica (D:2)
  5 iguanas
  6 orc wizards
  A hound zombie (Ossuary)
  4 mummies (Ossuary)
  14 gnolls
  5 adders
  4 shadow imps
  An ufetubus (D:5)
  2 adder zombies (Ossuary)
  5 worms
  A dart slug (D:3)
  23 orcs
  5 endoplasms
  2 giant cockroaches (D:2)
  2 gnoll zombies (Ossuary)
  6 goblins
  6 hobgoblins
  3 jackals (D:4)
  16 kobolds
  5 quokkas
  7 ball pythons
  9 bats
  3 frilled lizards
  A goblin zombie (Ossuary)
  A kobold zombie (Ossuary)
  An orc zombie (Ossuary)
  9 rats
  2 rat zombies (Ossuary)
186 creatures vanquished.

Vanquished Creatures (others)
  17 foxfires (D:1)
17 creatures vanquished.

Grand Total: 203 creatures vanquished

Notes
Turn   | Place    | Note
-------+----------+-------------------------------------------
     0 | D:1      | brightshaft the Djinni Fire Elementalist began the quest
                  | for the Orb.
     0 | D:1      | brightshaft set off with the following spells memorised:
                  | Foxfire, Scorch, Kindle Blastsparks, Inner Flame, Flame
                  | Wave.
     0 | D:1      | Reached XP level 1. HP: 15/15 MP: 0/0
   208 | D:1      | Reached XP level 2. HP: 19/22 MP: 0/0
   273 | D:1      | Reached skill level 1 in Fighting
   509 | D:1      | Reached XP level 3. HP: 21/27 MP: 0/0
   509 | D:1      | Learned a level 1 spell: Shock
   893 | D:2      | Noticed Jessica
   895 | D:2      | Killed Jessica
   896 | D:2      | Reached skill level 2 in Fighting
   896 | D:2      | Reached XP level 4. HP: 25/33 MP: 0/0
   934 | D:2      | Found a faded altar of an unknown god.
  1590 | D:2      | Found Houcalir's Antique Weapon Shoppe.
  1910 | D:3      | Reached XP level 5. HP: 40/40 MP: 0/0
  1910 | D:3      | Learned a level 2 spell: Lesser Beckoning
  2038 | D:3      | Reached skill level 3 in Fighting
  2044 | D:3      | You are sucked into a shaft and drop 2 floors!
  2044 | D:5      | Entered Level 5 of the Dungeon
  2204 | D:4      | Identified the +1 leather armour of Grot {rF+ Int+4 Dex+5}
  2291 | D:4      | Found a blossoming altar of Fedhas.
  2550 | D:4      | Noticed an ogre
  2557 | D:4      | Killed an ogre
  2558 | D:4      | Reached skill level 4 in Fighting
  2558 | D:4      | Reached XP level 6. HP: 17/47 MP: 0/0
  2613 | D:4      | Reached XP level 7. HP: 28/53 MP: 0/0
  2613 | D:4      | Learned a level 2 spell: Momentum Strike
  3026 | D:4      | Reached skill level 5 in Fighting
  3633 | D:5      | Found a staircase to the Ecumenical Temple.
  3642 | Temple   | Entered the Ecumenical Temple
  3795 | Temple   | Became a worshipper of Ashenzari the Shackled
  4111 | D:5      | Reached skill level 5 in Spellcasting
  4171 | D:5      | Reached XP level 8. HP: 61/61 MP: 0/0
  4343 | D:5      | Reached skill level 6 in Fighting
  4755 | D:6      | Reached * piety under Ashenzari
  4884 | D:6      | Found a snail-covered altar of Cheibriados.
  4884 | D:6      | Found a faded altar of an unknown god.
  4892 | D:6      | Found a glowing golden altar of the Shining One.
  4894 | D:6      | Found a faded altar of an unknown god.
  4896 | D:6      | Found a white marble altar of Elyvilon.
  5223 | D:6      | Reached ** piety under Ashenzari
  5357 | D:7      | Reached skill level 7 in Fighting
  5411 | D:7      | Reached XP level 9. HP: 58/72 MP: 0/0
  5411 | D:7      | Learned a level 4 spell: Animate Dead
  5639 | D:7      | Reached skill level 8 in Fighting
  6022 | D:7      | Found an iron altar of Okawaru.
  6121 | D:7      | Reached *** piety under Ashenzari
  6225 | D:8      | Found a sand-covered staircase.
  6230 | Ossuary  | Entered an ossuary
  6686 | D:8      | Noticed a two-headed ogre
  6691 | D:8      | Killed a two-headed ogre
  6692 | D:8      | Reached skill level 9 in Fighting
  6692 | D:8      | Reached skill level 1 in Short Blades
  6692 | D:8      | Reached XP level 10. HP: 41/84 MP: 0/0
  6805 | D:8      | Found a hide-covered altar of Uskayaw.
  7204 | D:8      | Reached **** piety under Ashenzari
  7241 | D:9      | Slain by a wyvern

Illustrated notes

Levels and vault maps discovered:
D:1:      evilmike_arrival_crescent, layout_rooms, nrook_mini_vaults
D:2:      layout_basic, hellmonk_ecumenical_altar_crossroads, serial_shops,
          shop, uniq_jessica
D:3:      layout_loops_ring, wander_ebering_terrifying_dragon_lair
D:4:      layout_loops_corners, amethyst_overflow_temple_binary
D:5:      minmay_evil_eye, layout_gridville, minmay_temple_entry_junction
D:6:      layout_cave_pods, chequers_temple_overflow_minitemple
D:7:      layout_basic, kennysheep_little_box, grunt_ministairs_14
D:8:      layout_gridville, mainiacjoe_overflow_24_doors,
          nicolae_ossuary_entry_false_entrances
D:9:      layout_rooms, gammafunk_ghost_smash
Temple:   nicolae_temple_superstar

Skill      XL: |  1  2  3  4  5  6  7  8  9 |
---------------+----------------------------+-----
Fighting       | 1 2 4 5 7 9 |  9.2
Spellcasting   | 3 4 5 6 7 |  7.5
Dodging        | 4 |  4.4
Short Blades   | 1 |  1.8
Stealth        | |  1.5

Action                     |  1- 3 |  4- 6 |  7- 9 | 10-12 || total
---------------------------+-------+-------+-------+-------++-------
  Melee: Short sword       |     6 |       |       |       ||     6
         Unarmed           |     2 |       |       |       ||     2
         Whip              |       |     3 |       |       ||     3
         Dagger            |       |       |    93 |    19 ||   112
   Cast: Foxfire           |     9 |       |       |       ||     9
         Scorch            |    18 |     6 |     9 |       ||    33
         Shock             |    18 |   109 |   202 |    11 ||   340
         Inner Flame       |       |     2 |     6 |       ||     8
         Flame Wave        |       |       |     7 |       ||     7
 Invoke: Curse Item        |       |       |     5 |     1 ||     6
    Use: Scroll            |       |       |    14 |       ||    14
         Potion            |       |       |       |     1 ||     1
   Stab: Sleeping          |       |       |     1 |       ||     1
 Armour: Robe              |     3 |       |    13 |       ||    16
         Leather armour    |       |       |    17 |     2 ||    19
  Dodge: Dodged            |    11 |    10 |   105 |    17 ||   143
  Block: Buckler           |       |       |       |     5 ||     5

Table legend: (Time is in decaauts)
 A = Elapsed time spent in this place.
 B = Non-inter-level travel time spent in this place.
 C = Inter-level travel time spent in this place.
 D = Time resting spent in this place.
 E = Time spent auto-exploring this place.
 F = Levels seen in this place.
 G = Mean time per level.
                   A        B        C        D        E       F      G
               +--------+--------+--------+--------+--------+-----+--------+
         Total |   7236 |   6962 |    274 |      0 |   5607 |  11 |  657.8 |
       Dungeon |   6863 |   6601 |    262 |      0 |   5428 |   9 |  762.6 |
        Temple |    166 |    154 |     12 |      0 |    100 |   1 |  166.0 |
       Ossuary |    205 |    205 |      0 |      0 |     79 |   1 |  205.0 |
               +--------+--------+--------+--------+--------+-----+--------+

Top non-repeatable levels by time:
     D:2: 1056 daAuts
     D:4: 949 daAuts
     D:7: 911 daAuts
     D:6: 897 daAuts
     D:1: 775 daAuts
     D:5: 774 daAuts
     D:8: 755 daAuts
     D:3: 720 daAuts
 Ossuary: 205 daAuts
  Temple: 166 daAuts
     D:9: 22 daAuts
